Map: Acid Plant LE

Players

Zanster - Winner!

  • Race: Zerg Zerg
  • Spawn Location: 11:00

TYTY (TY)

  • Race: Terran Terran
  • League: Master
  • Spawn Location: 5:00

Event: Memes & Dreams Invitational

VOD

Have the link to the VOD?

Description

Time

  • Played on: April 13, 2018, 10:59 p.m.
  • Length: 20:34

All games in this series

Show
View Real Time Build Order
Export as new Build Order

Zanster Zerg - Winner!

Build Orders: Hatch First 

Get SALT Encoding   

  12  0:00  Drone  
  13  0:12  Overlord  
  13  0:16  Drone  
  14  0:31  Drone x2  
  14  0:34  Drone  
  17  0:53  Hatchery  
  17  0:55  Drone  
  17  0:58  Drone  
  18  1:10  Extractor  
  17  1:13  Spawning Pool  
  17  1:16  Drone  
  17  1:20  Drone  
  18  1:28  Drone  
  19  1:39  Drone  
  20  1:51  Overlord  
  20  2:00  Queen  
  22  2:05  Queen  
  22  2:06  Zergling x4  
  26  2:10  Metabolic Boost  
  26  2:12  Drone  
  27  2:16  Drone  
  28  2:34  Hatchery  
  28  2:35  Drone x2  
  29  2:39  Drone  
  29  2:41  Drone  
  31  2:47  Queen  
  31  2:51  Drone  
  34  2:55  Overlord  
  34  3:00  Drone x2  
  34  3:05  Overlord  
  36  3:16  Drone x2  
  38  3:20  Drone  
  38  3:21  Drone x4  
  38  3:22  Drone  
  44  3:32  Drone  
  44  3:33  Overlord  
  45  3:39  Overlord  
  45  3:41  Queen x2  
  45  3:46  Overlord  
  49  3:53  Drone x4  
  53  3:56  Drone  
  53  3:58  Drone  
  53  3:59  Drone  
  53  4:01  Drone  
  57  4:03  Drone  
  57  4:04  Drone  
  57  4:08  Evolution Chamber  
  58  4:10  Queen  
  58  4:13  Overlord  
  58  4:16  Drone  
  62  4:17  Drone  
  62  4:28  Zergling x12  
  62  4:30  Baneling Nest  
  62  4:31  Extractor, Zergling x2  
  66  4:32  Zergling x4  
  69  4:39  Zergling x2  
  69  4:43  Zergling x2  
  69  4:44  Zergling x4  
  73  4:49  Queen  
  74  4:53  Zergling x14  
  74  4:55  Overlord  
  74  4:59  Spore Crawler, Zerg Ground Armor Level 1  
  79  5:03  Lair  
  79  5:11  Overlord  
  78  5:16  Drone x6  
  78  5:17  Drone  
  78  5:20  Drone  
  83  5:23  Drone x3  
  83  5:27  Drone  
  87  5:29  Drone x3  
  87  5:30  Drone x4  
  87  5:35  Baneling x5  
  94  5:40  Overlord  
  94  5:41  Zergling x2  
  94  5:42  Zergling x2  
  96  5:46  Hatchery  
  96  5:48  Extractor x2  
  93  5:58  Zergling x14  
  93  5:59  Zergling x8  
  104  6:05  Overlord, Hatchery  
  104  6:08  Centrifical Hooks  
  103  6:11  Overlord  
  103  6:13  Drone  
  103  6:14  Drone x2  
  106  6:20  Extractor  
  106  6:25  Spore Crawler, Drone  
  105  6:27  Drone  
  105  6:32  Overlord  
  105  6:35  Baneling x5  
  105  6:36  Overseer  
  105  6:37  Zergling x22  
  116  6:46  Zergling x4  
  117  6:51  Evolution Chamber  
  112  7:00  Zergling x10  
  112  7:01  Zergling x6  
  110  7:03  Zerg Ground Armor Level 2  
  109  7:12  Zergling x8  
  109  7:26  Zerg Melee Weapons Level 1  
  109  7:27  Drone x4  
  109  7:28  Drone x7, Hydralisk Den  
  118  7:32  Baneling x7  
  118  7:34  Drone x4  
  122  7:42  Zergling x12  
  126  7:49  Overlord  
  125  7:56  Zergling x2  
  125  7:57  Zergling x20  
  136  8:03  Overlord  
  134  8:09  Hydralisk x6  
  134  8:11  Muscular Augments  
  144  8:15  Infestation Pit  
  144  8:19  Hydralisk x2, Zergling x2  
  148  8:20  Zergling x4  
  148  8:22  Overlord x2  
  148  8:27  Zergling x16  
  150  8:33  Zergling x4  
  156  8:44  Zergling x6  
  156  8:45  Zergling x12  
  156  8:47  Baneling x6  
  165  8:49  Overlord  
  165  8:51  Hive  
  158  8:56  Zergling x2  
  158  8:57  Zergling x8  
  141  9:03  Zergling x18  
  144  9:11  Hydralisk  
  144  9:12  Zergling x12  
  144  9:25  Drone x6  
  144  9:29  Drone x2  
  152  9:35  Baneling  
  152  9:36  Baneling x3  
  152  9:37  Zerg Melee Weapons Level 2  
  152  9:39  Zerg Missile Weapons Level 1  
  152  9:40  Hydralisk, Zergling x2  
  152  9:41  Zergling x12  
  161  9:50  Zergling x2  
  161  9:51  Zergling x10  
  167  9:57  Zergling x12  
  170  10:01  Baneling x7  
  170  10:02  Baneling x3  
  170  10:06  Adrenal Glands  
  168  10:08  Viper  
  167  10:18  Zergling x24  
  167  10:19  Zergling x2  
  177  10:23  Overlord  
  177  10:26  Hydralisk x2  
  181  10:31  Drone  
  181  10:32  Drone, Hatchery  
  181  10:33  Overlord x2  
  182  10:45  Baneling x5  
  182  10:55  Hydralisk x6  
  182  10:56  Hydralisk x2  
  198  11:00  Baneling x4  
  191  11:13  Zergling x18  
  178  11:27  Drone  
  178  11:28  Drone x7  
  178  11:29  Zergling x10  
  186  11:36  Hydralisk  
  186  11:37  Zergling x2  
  186  11:38  Zergling x4  
  152  11:40  Zergling x2  
  152  11:42  Baneling x6  
  137  11:48  Drone x4  
  139  11:56  Hydralisk  
  139  11:57  Zergling x8  
  135  12:03  Zergling x2  
  135  12:04  Zergling x4  
  130  12:10  Spawning Pool  
  130  12:12  Hydralisk x2  
  130  12:13  Hydralisk x4  
  139  12:22  Overseer  
  139  12:23  Hydralisk x3  
  139  12:24  Hydralisk x2  
  139  12:26  Drone  
  139  12:27  Drone x3, Hatchery  
  139  12:29  Drone  
  148  12:32  Drone  
  148  12:33  Drone x3  
  152  12:39  Drone  
  152  12:44  Baneling x9  
  145  12:46  Drone  
  143  12:51  Drone x6  
  143  12:55  Overlord  
  148  12:59  Zergling x2  
  148  13:00  Zergling x18  
  148  13:02  Zergling x4  
  148  13:04  Zergling x2  
  161  13:12  Zergling x14  
  168  13:21  Zergling x8  
  170  13:30  Viper  
  173  13:34  Zerg Melee Weapons Level 3  
  173  13:35  Zergling x4  
  173  13:36  Zergling x18  
  173  13:38  Extractor  
  173  13:40  Zergling x6  
  173  13:41  Zergling x2  
  187  13:46  Baneling  
  187  13:47  Baneling x8  
  187  13:49  Zergling x2  
  187  13:50  Zergling x6  
  184  14:12  Zergling x2  
  184  14:13  Zergling x26  
  197  14:23  Zergling x2  
  197  14:24  Zergling x6  
  176  14:35  Drone x8  
  176  14:38  Viper x2  
  170  14:40  Zerg Missile Weapons Level 2  
  174  14:55  Drone  
  174  14:56  Drone x8  
  174  14:57  Zergling x4  
  174  14:58  Zergling x14  
  181  15:09  Queen x2  
  185  15:14  Baneling x5  
  185  15:15  Baneling x2  
  185  15:16  Drone x7  
  185  15:17  Drone  
  193  15:24  Hatchery  
  192  15:30  Baneling x8  
  192  15:31  Baneling x2  
  192  15:41  Zergling x2  
  192  15:42  Zergling x14  
  200  15:54  Hatchery  
  199  15:59  Zergling x2  
  196  16:30  Pneumatized Carapace, Overseer  
  196  16:31  Overseer  
  185  16:40  Zergling x2  
  185  16:41  Zergling x18  
  195  16:50  Baneling x9  
  194  16:54  Zergling x2  
  194  16:55  Zergling x8  
  194  16:59  Spore Crawler  
  198  17:07  Zergling x10  
  200  17:15  Zerg Ground Armor Level 3, Zerg Missile Weapons Level 3  
  188  17:28  Zergling x2  
  188  17:29  Zergling x20  
  193  17:36  Zergling x8  
  193  17:37  Zergling x4  
  197  17:44  Viper  
  185  18:25  Zergling x44  
  197  18:31  Zergling x8  
  198  18:35  Baneling x9  
  194  18:44  Hydralisk x6  
  194  18:45  Zergling x6  
  183  18:53  Zergling x10  
  184  19:00  Zergling x12  
  176  19:03  Baneling x9  
  176  19:08  Hydralisk  
  176  19:09  Hydralisk x2, Zergling x2  
  181  19:10  Zergling x4  
  181  19:12  Queen  
  183  19:18  Hydralisk x2  
  183  19:19  Hydralisk, Zergling x10  
  183  19:20  Zergling x6  
  187  19:26  Zergling x2  
  187  19:27  Zergling x12  
  192  19:37  Zergling x10  
  192  19:38  Zergling x2  
  197  19:42  Baneling x3  
  197  19:43  Baneling x18  
  197  19:44  Zergling x10  
  179  19:55  Zergling x10  
  179  19:56  Zergling x20  
  187  20:09  Zergling x10  
  187  20:10  Zergling x2  
  187  20:13  Extractor  
  192  20:15  Extractor  
  192  20:16  Hatchery  
  192  20:17  Zergling x2  
Show
View Real Time Build Order
Export as new Build Order

TYTY Terran 

Build Orders: Reaper Expand, MMM Bio 

Get SALT Encoding   

  12  0:00  SCV  
  13  0:12  SCV  
  14  0:16  Supply Depot  
  14  0:25  SCV  
  15  0:38  SCV  
  15  0:41  Barracks  
  16  0:45  Refinery  
  16  0:50  SCV  
  17  1:02  SCV  
  18  1:14  SCV  
  19  1:28  Reaper, Orbital Command  
  20  1:39  Command Center  
  20  1:50  Barracks  
  20  1:54  SCV  
  21  2:01  Supply Depot  
  21  2:03  Barracks Reactor  
  21  2:08  SCV  
  22  2:20  SCV  
  22  2:22  Factory  
  23  2:32  SCV  
  23  2:34  Refinery  
  25  2:44  SCV  
  25  2:49  Marine x2  
  25  2:50  Barracks Tech Lab  
  25  2:51  Orbital Command  
  27  2:56  SCV  
  28  3:07  Marine x2  
  28  3:08  Marine, SCV  
  28  3:09  Stimpack  
  32  3:18  SCV  
  33  3:20  SCV  
  33  3:23  Starport  
  33  3:24  Marine  
  33  3:25  Marine  
  36  3:30  SCV  
  36  3:31  Factory Reactor  
  36  3:32  SCV  
  38  3:34  Marine  
  39  3:42  Supply Depot, SCV  
  39  3:43  Marine x2  
  39  3:45  SCV  
  43  3:53  Marine  
  44  3:55  SCV  
  44  3:58  Supply Depot  
  44  4:01  Marine  
  46  4:03  Marine  
  46  4:04  Supply Depot  
  46  4:07  SCV  
  46  4:08  SCV  
  49  4:11  Marine, Medivac x2  
  54  4:19  Marine  
  54  4:20  SCV  
  54  4:22  Supply Depot, SCV  
  57  4:25  Marine  
  57  4:27  Supply Depot  
  57  4:29  Marine  
  59  4:32  SCV  
  59  4:36  SCV  
  61  4:44  SCV  
  61  4:46  Marine x2  
  61  4:47  Marine  
  61  4:48  SCV  
  61  4:49  Command Center  
  65  4:56  SCV, Engineering Bay  
  65  4:58  Engineering Bay  
  66  5:02  SCV  
  67  5:08  Marine x2  
  67  5:09  Marine, Combat Shields  
  67  5:12  Widow Mine  
  72  5:20  Medivac  
  73  5:24  Terran Infantry Weapons Level 1  
  73  5:25  Refinery  
  73  5:26  Marine x2, Terran Infantry Armor Level 1  
  73  5:27  Marine  
  74  5:32  SCV x2  
  74  5:37  Widow Mine  
  74  5:38  Barracks  
  74  5:40  Liberator  
  76  5:44  Marine, SCV  
  76  5:46  Barracks  
  76  5:48  Barracks, SCV  
  79  5:56  Marine x2, SCV  
  82  6:01  Refinery, Widow Mine  
  82  6:03  Supply Depot  
  87  6:05  Orbital Command  
  87  6:07  SCV  
  87  6:11  Marine  
  89  6:13  SCV  
  89  6:14  Marine  
  91  6:18  Armory  
  91  6:19  SCV  
  91  6:21  Marine  
  91  6:25  Factory Tech Lab  
  93  6:26  Factory Reactor  
  93  6:27  Barracks Reactor  
  93  6:28  SCV  
  93  6:29  Marine  
  93  6:31  SCV  
  93  6:32  Orbital Command  
  96  6:33  Marine  
  96  6:34  Barracks Reactor  
  96  6:35  Barracks Reactor  
  96  6:36  Supply Depot  
  96  6:39  Marine  
  98  6:44  SCV x2  
  100  6:52  Marine  
  100  6:53  Marine  
  101  6:57  SCV x2  
  101  7:00  Marine  
  101  7:01  SCV  
  93  7:02  Medivac x2  
  93  7:03  Widow Mine x2  
  101  7:09  SCV  
  101  7:10  Marine x2  
  101  7:11  SCV  
  101  7:13  SCV  
  101  7:14  Marine x6  
  108  7:18  Marine  
  108  7:20  Terran Infantry Weapons Level 2  
  105  7:24  SCV x2  
  105  7:25  SCV  
  105  7:26  Widow Mine x2  
  105  7:28  Marine, Supply Depot  
  112  7:30  Marine  
  112  7:31  Marine  
  112  7:34  Marine x2  
  116  7:40  Marine  
  117  7:50  Marine x2, Medivac  
  124  7:53  Supply Depot x2, Widow Mine x2  
  124  7:55  Supply Depot  
  125  8:03  Marine  
  125  8:06  Liberator  
  125  8:09  Medivac  
  125  8:14  Barracks x2, Marine, Command Center  
  125  8:15  SCV x2  
  125  8:17  Widow Mine x2  
  125  8:18  Terran Infantry Armor Level 2  
  132  8:20  Marine x4, Marauder  
  132  8:25  Marine x2  
  143  8:33  Marine x2  
  144  8:37  SCV x2  
  144  8:38  Marine, Supply Depot  
  147  8:42  Marauder  
  149  8:55  Marine  
  149  8:57  Marine  
  149  8:58  Marine x2, Medivac  
  149  8:59  Widow Mine x2  
  147  9:03  Barracks Tech Lab, Barracks Reactor, Marauder  
  147  9:05  Marine x4  
  147  9:06  SCV x2  
  147  9:07  Refinery x2  
  152  9:13  Marine  
  152  9:15  Marine  
  149  9:18  Medivac  
  149  9:21  Widow Mine x2  
  153  9:24  Marine, Marauder  
  153  9:25  Marine x2, Marauder  
  153  9:26  Marine x2  
  153  9:28  Marine, Medivac  
  153  9:30  Marine  
  162  9:31  SCV x2  
  162  9:33  Marine  
  154  9:42  Marine x2  
  154  9:43  Marine, Terran Infantry Weapons Level 3  
  156  9:46  Marauder x2  
  156  9:47  Marine x5, Refinery  
  156  9:48  Refinery, Concussive Shells  
  156  9:52  Planetary Fortress  
  163  9:54  Marine  
  163  9:55  Marine  
  163  9:57  Widow Mine x2  
  169  10:00  Marine  
  169  10:03  SCV x2  
  172  10:09  Supply Depot  
  172  10:11  Supply Depot x2  
  172  10:18  Marauder  
  172  10:24  Supply Depot  
  172  10:25  Supply Depot  
  172  10:30  Marine x5  
  172  10:32  Marine x5, Widow Mine x2, Marauder  
  172  10:34  Medivac  
  193  10:36  Medivac  
  195  10:42  Supply Depot  
  195  10:43  Marauder  
  195  10:44  Supply Depot  
  195  10:48  Marine x4  
  198  10:54  Marauder  
  200  11:06  Marine x6, Marauder  
  200  11:07  Marine  
  200  11:10  SCV x2, Widow Mine  
  200  11:14  Terran Infantry Armor Level 3  
  200  11:15  Marauder  
  190  11:21  Marine x2  
  190  11:23  Marine, SCV x2  
  190  11:24  Marine, SCV x2  
  190  11:25  Marine x4  
  172  11:27  Widow Mine, Marauder  
  172  11:31  Widow Mine  
  172  11:37  SCV x2  
  136  11:48  SCV x2, Widow Mine  
  136  11:49  SCV x2  
  136  11:53  Widow Mine  
  140  11:55  Marine x2, Marauder x2  
  130  12:05  Medivac x2  
  130  12:06  SCV x3  
  134  12:14  Marine x3  
  124  12:15  Barracks Tech Lab  
  124  12:17  Marine x2  
  124  12:19  Widow Mine  
  124  12:20  Widow Mine  
  130  12:31  Sensor Tower  
  130  12:40  Liberator x2  
  130  12:41  Marauder x2  
  134  12:45  Widow Mine x2  
  138  12:54  Marine x2, Marauder  
  138  12:55  Marine x5  
  144  13:00  SCV x4  
  144  13:03  Marauder x2  
  152  13:07  Command Center  
  152  13:10  Ghost Academy  
  152  13:13  SCV  
  152  13:18  Marine x3, Marauder  
  158  13:21  Widow Mine  
  158  13:24  Marauder x2  
  158  13:26  Marine  
  158  13:27  Marine x2  
  163  13:30  Liberator x2  
  167  13:41  Personal Cloaking  
  173  13:50  Ghost x3  
  173  13:54  Marine x2  
  173  13:55  Marine  
  180  14:02  Marine x4  
  183  14:12  SCV  
  183  14:16  Marine x2  
  183  14:19  Ghost x3  
  183  14:23  Marine x5  
  179  14:35  Widow Mine x2  
  179  14:38  Medivac x2  
  155  14:39  Marine x3  
  156  14:46  Marine x3  
  156  14:47  Ghost x2  
  163  14:57  Barracks  
  163  14:59  Barracks  
  163  15:01  Marine x2, Marauder  
  163  15:02  Marine  
  163  15:03  SCV  
  163  15:06  Liberator  
  166  15:08  Liberator  
  166  15:11  Sensor Tower  
  166  15:12  Planetary Fortress  
  163  15:16  Marauder  
  165  15:25  Fusion Core, Starport  
  171  15:34  Marauder  
  173  15:36  Marauder  
  173  15:40  SCV  
  173  15:42  Widow Mine x2, Unknown x5  
  180  15:43  Command Center  
  180  15:44  Ghost  
  180  15:45  Barracks Tech Lab  
  182  15:53  Unknown x2  
  182  15:54  Ghost  
  182  15:56  Ghost  
  184  15:59  SCV  
  184  16:00  SCV x3  
  190  16:04  Widow Mine x2  
  190  16:06  Starport Tech Lab  
  190  16:08  Terran Vehicle And Ship Armor Level 1  
  194  16:12  Ghost  
  194  16:15  Liberator x3  
  192  16:32  Advanced Ballistics  
  197  16:36  Starport  
  197  16:57  Liberator  
  193  17:14  Starport Reactor  
  175  17:23  Medivac x2  
  175  17:28  Marauder x3  
  177  17:39  Command Center  
  177  17:42  Command Center  
  171  17:51  Medivac x2  
  173  17:52  High Capacity Fuel Tanks  
  173  17:53  Medivac x2  
  173  17:55  Building Armor  
  173  17:57  Medivac, Marauder x3  
  187  18:01  Unknown x2  
  187  18:03  Unknown x7  
  187  18:05  SCV x2  
  187  18:11  Marine x2, Marauder  
  193  18:13  Marine x3  
  193  18:14  Marine x3  
  193  18:18  Marauder  
  199  18:23  Medivac  
  186  18:28  Marauder  
  186  18:29  Marine x2, Marauder  
  186  18:31  Marine  
  171  18:44  Liberator  
  171  18:45  SCV x2, Liberator x2  
  150  18:49  Marine x4, Marauder x2  
  150  18:50  Marauder  
  145  19:00  SCV x2  
  121  19:10  Marine x4  
  121  19:11  SCV x2  
  121  19:12  SCV  
  110  19:20  Marine x2, Marauder  
  110  19:21  Marauder  
  110  19:22  Widow Mine x2  
  110  19:24  SCV x2, Command Center  
  118  19:26  Marine x2  
  118  19:27  Marine  
  118  19:29  Marine x3  
  119  19:32  SCV  
  119  19:37  SCV x2  
  110  19:38  Marine  
  110  19:42  Marauder x2  
  110  19:44  SCV  
  115  19:47  Marine x4  
  103  19:55  Marine  
Tags
 
Add a new tag
Caveats
  • Supply blocks, unpowered buildings, or Contaminate may cause inaccurate times.
  • Supply counts are checked every 10 seconds.